 Dungeon Crawl Stone Soup version 0.28-a0-664-gc179e30c89 (webtiles) character file.

Game seed: 14376903712734890697

129 tilp the Magician (level 5, 0/37 HPs)
             Began as a Gnoll Hedge Wizard on Oct 15, 2021.
             Was a Believer of Sif Muna.
             Killed from afar by an orc wizard (6 damage)
             ... with a puff of flame
             ... on level 3 of the Dungeon.
             The game lasted 00:04:24 (3014 turns).

tilp the Magician (Gnoll Hedge Wizard)              Turns: 3014, Time: 00:04:25

Health: 0/37       AC:  6    Str: 10    XL:     5   Next: 12%
Magic:  14/14      EV: 11    Int: 14    God:    Sif Muna [**....]
Gold:   100        SH:  0    Dex: 11    Spells: 11/18 levels left

rFire   . . .      SeeInvis .   b - +2 hand axe (vorpal)
rCold   + . .      Faith    .   (no shield)
rNeg    . . .      Spirit   .   h - +0 ring mail {rC+}
rPois   .          Reflect  .   c - +0 hat
rElec   .          Harm     .   (no cloak)
rCorr   .          Rampage  .   q - +0 pair of gloves
Will    .....                   (no boots)
Stlth   ++........              (no amulet)
HPRegen 0.12/turn               (no ring)
MPRegen 0.14/turn               (no ring)

@: no status effects
A: fangs 1, strong nose, distributed training
a: Renounce Religion, Channel Magic


You were on level 3 of the Dungeon.
You worshipped Sif Muna.
Sif Muna was pleased with you.
You visited 1 branch of the dungeon, and saw 3 of its levels.

You collected 100 gold pieces.

Inventory:

Hand Weapons
 a - a +0 spear of freezing
 b - a +2 vorpal hand axe (weapon)
Missiles
 d - 2 javelins
 e - 45 stones
 f - 25 arrows
 i - 2 silver boomerangs
 j - 14 sling bullets
Armour
 c - a +0 hat (worn)
 h - a +0 ring mail of cold resistance (worn)
 m - a +0 robe
 q - a +0 pair of gloves (worn)
Scrolls
 g - a scroll of vulnerability
 n - 2 scrolls of fog {unknown}
 o - a scroll of teleportation {unknown}
 r - a scroll of magic mapping
Potions
 k - 3 potions of curing
 l - a potion of mutation {unknown}


   Skills:
 + Level 1.3 Fighting
 + Level 1.3 Short Blades
 + Level 1.3 Long Blades
 + Level 1.3 Axes
 + Level 1.3 Maces & Flails
 + Level 1.3 Polearms
 + Level 1.3 Staves
 + Level 1.3 Slings
 + Level 1.3 Bows
 + Level 1.3 Crossbows
 + Level 1.3 Throwing
 + Level 1.3 Armour
 + Level 4.7 Dodging
 + Level 4.3 Stealth
 + Level 1.3 Shields
 + Level 1.3 Unarmed Combat
 + Level 7.2 Spellcasting
 + Level 2.3 Conjurations
 + Level 1.1 Hexes
 + Level 2.3 Summonings
 + Level 1.1 Necromancy
 + Level 2.3 Translocations
 + Level 1.1 Transmutations
 + Level 1.1 Fire Magic
 + Level 1.1 Ice Magic
 + Level 1.1 Air Magic
 + Level 1.1 Earth Magic
 + Level 1.1 Poison Magic
 + Level 1.5 Invocations
 + Level 1.3 Evocations


You had 11 spell levels left.
You knew the following spells:

 Your Spells              Type           Power      Damage    Failure   Level
a - Magic Dart            Conj           44%        1d5       13%         1
b - Call Imp              Summ           11%        N/A       21%         2
c - Blink                 Tloc           N/A        N/A       21%         2
d - Slow                  Hex            8%         N/A       32%         2

Your spell library contained the following spells:

 Spells                   Type           Power      Damage    Failure   Level
 Summon Small Mammal      Summ           44%        N/A       13%         1
 Passwall                 Tmut/Erth      6%         N/A       32%         2
 Call Canine Familiar     Summ           11%        N/A       36%         3
 Gell's Gravitas          Tloc           5%         N/A       36%         3
 Lesser Beckoning         Tloc           11%        N/A       36%         3
 Teleport Other           Tloc           11%        N/A       36%         3
 Conjure Flame            Conj/Fire      9%         6-21      45%         3
 Summon Guardian Golem    Hex/Summ       9%         N/A       45%         3
 Mephitic Cloud           Conj/Pois/Air  9%         N/A       50%         3
 Swiftness                Air            8%         N/A       54%         3
 Invisibility             Hex            4%         N/A       100%        6


Dungeon Overview and Level Annotations

Branches:
Dungeon (3/15)

Altars:
Ashenzari
Sif Muna


Innate Abilities, Weirdness & Mutations

You have very sharp teeth.
Your uncanny sense of smell can sniff out nearby items.
Your experience applies equally to all skills.


Message History

You hit the orc. The orc hits you but does no damage.
The orc hits you with a +0 club.
* * * LOW HITPOINT WARNING * * *
The orc hits you with a +0 short sword of protection.
* * * LOW HITPOINT WARNING * * *
You feel better.
Unknown command.
You slash the orc!
You kill the orc!
Sif Muna accepts your kill.
You hit something. You closely miss something. Something completely misses you.
Something barely misses you.
You hit something. Something hits you.
* * * LOW HITPOINT WARNING * * *
You slash something! Sif Muna accepts your kill.
Reactivating autopickup.
You feel a bit more experienced.
You have reached level 5!
You hit the orc but do no damage.
The orc is heavily wounded.
The orc barely misses you.
You closely miss the orc.
The orc is heavily wounded.
The orc hits you with a +0 short sword of protection.
* * * LOW HITPOINT WARNING * * *
You hit the orc.
You kill the orc!
Sif Muna accepts your kill. Something hits you.
* * * LOW HITPOINT WARNING * * *
Deactivating autopickup; reactivate with Ctrl-A.
Items here: )) [[ ††.
Something hits you but does no damage. Something hits you.
* * * LOW HITPOINT WARNING * * *
A puff of flame appears from out of thin air!
The puff of flame hits you.
You die...

#...#..#..#..#......
#.....
#..#..#..#).#...#...
####..
#.#..#..#..#))#...##
...
#...#..#..#..#......
....
##..................
#........#.......#.
#........+...#.#.#
#........#..##.#.#
#...........{..@.#
#....##.....####.#
#.... ###.### .#
#.... .... .# ##.#
.# #. .. #. ##


There were no monsters in sight!

Vanquished Creatures
  An orc wizard (D:3)
  4 adders
  A worm (D:3)
  5 dart slugs
  6 orcs
  2 ball pythons (D:1)
  An endoplasm (D:2)
  2 giant cockroaches (D:2)
  9 goblins
  3 hobgoblins
  2 quokkas
  5 bats
  5 frilled lizards
  4 kobolds
  2 rats
52 creatures vanquished.

Notes
Turn   | Place    | Note
-------+----------+-------------------------------------------
     0 | D:1      | tilp the Gnoll Hedge Wizard began the quest for the Orb.
     0 | D:1      | Reached XP level 1. HP: 13/13 MP: 8/8
    35 | D:1      | Reached XP level 2. HP: 4/19 MP: 1/10
   375 | D:1      | Found a faded altar of an unknown god.
   799 | D:1      | Learned a level 2 spell: Call Imp
   802 | D:1      | Learned a level 2 spell: Blink
   805 | D:1      | Learned a level 2 spell: Slow
   844 | D:2      | Reached XP level 3. HP: 25/25 MP: 11/11
  1006 | D:1      | Prayed at the altar of an unknown god.
  1006 | D:1      | Became a worshipper of Sif Muna the Loreminder
  1006 | D:1      | Reached * piety under Sif Muna
  1364 | D:2      | Reached skill level 1 in Invocations
  1520 | D:2      | Reached skill level 1 in Fighting
  1520 | D:2      | Reached skill level 1 in Short Blades
  1520 | D:2      | Reached skill level 1 in Long Blades
  1520 | D:2      | Reached skill level 1 in Axes
  1520 | D:2      | Reached skill level 1 in Maces & Flails
  1520 | D:2      | Reached skill level 1 in Polearms
  1520 | D:2      | Reached skill level 1 in Staves
  1520 | D:2      | Reached skill level 1 in Slings
  1520 | D:2      | Reached skill level 1 in Bows
  1520 | D:2      | Reached skill level 1 in Crossbows
  1520 | D:2      | Reached skill level 1 in Throwing
  1520 | D:2      | Reached skill level 1 in Armour
  1520 | D:2      | Reached skill level 1 in Shields
  1520 | D:2      | Reached skill level 1 in Unarmed Combat
  1520 | D:2      | Reached skill level 1 in Evocations
  1752 | D:2      | Reached XP level 4. HP: 30/32 MP: 13/13
  1928 | D:2      | Found a broken altar of Ashenzari.
  2876 | D:3      | Reached skill level 1 in Hexes
  2876 | D:3      | Reached skill level 1 in Necromancy
  2876 | D:3      | Reached skill level 1 in Transmutations
  2876 | D:3      | Reached skill level 1 in Fire Magic
  2876 | D:3      | Reached skill level 1 in Ice Magic
  2876 | D:3      | Reached skill level 1 in Air Magic
  2876 | D:3      | Reached skill level 1 in Earth Magic
  2876 | D:3      | Reached skill level 1 in Poison Magic
  2974 | D:3      | Reached ** piety under Sif Muna
  3002 | D:3      | Reached XP level 5. HP: 11/37 MP: 14/14
  3014 | D:3      | Killed from afar by an orc wizard

Illustrated notes

Levels and vault maps discovered:
D:1:      saegor_arrival_miasma, layout_rooms,
          hellmonk_ecumenical_altar_arch_garden
D:2:      wad_crossroads, layout_loops_ring, basic_altar
D:3:      layout_basic, minmay_misc_feat_diagonals, uniq_jessica

Skill      XL: |  1  2  3  4 |
---------------+-------------+-----
Conjurations   | 2 |  2.3
Summonings     | 2 |  2.3
Translocations | 2 |  2.3
Invocations    | 1 |  1.5
Fighting       | 1 |  1.3
Short Blades   | 1 |  1.3
Long Blades    | 1 |  1.3
Axes           | 1 |  1.3
Maces & Flails | 1 |  1.3
Polearms       | 1 |  1.3
Staves         | 1 |  1.3
Slings         | 1 |  1.3
Bows           | 1 |  1.3
Crossbows      | 1 |  1.3
Throwing       | 1 |  1.3
Armour         | 1 |  1.3
Shields        | 1 |  1.3
Unarmed Combat | 1 |  1.3
Evocations     | 1 |  1.3
Hexes          | 1 |  1.1
Necromancy     | 1 |  1.1
Transmutations | 1 |  1.1
Fire Magic     | 1 |  1.1
Ice Magic      | 1 |  1.1
Air Magic      | 1 |  1.1
Earth Magic    | 1 |  1.1
Poison Magic   | 1 |  1.1
Dodging        | |  4.7
Stealth        | |  4.3
Spellcasting   | |  7.2

Action                   |  1- 3 |  4- 6 || total
-------------------------+-------+-------++-------
Melee: Dagger            |    26 |       ||    26
       Spear             |    23 |    39 ||    62
       Bite              |     1 |     5 ||     6
       Hand axe          |       |    36 ||    36
 Cast: Magic Dart        |    62 |    23 ||    85
  Use: Scroll            |     1 |     7 ||     8
       Potion            |       |     2 ||     2
 Stab: Sleeping          |     5 |     1 ||     6
Armor: Ring mail         |    11 |    50 ||    61
       Robe              |     1 |       ||     1
Dodge: Dodged            |    39 |    49 ||    88

Table legend: (Time is in decaauts)
 A = Elapsed time spent in this place.
 B = Non-inter-level travel time spent in this place.
 C = Inter-level travel time spent in this place.
 D = Time resting spent in this place.
 E = Time spent auto-exploring this place.
 F = Levels seen in this place.
 G = Mean time per level.
                   A        B        C        D        E       F      G
               +--------+--------+--------+--------+--------+-----+--------+
         Total |   3026 |   2861 |    165 |    768 |   1627 |   3 | 1008.7 |
       Dungeon |   3026 |   2861 |    165 |    768 |   1627 |   3 | 1008.7 |
               +--------+--------+--------+--------+--------+-----+--------+

Top non-repeatable levels by time:
     D:2: 1733 daAuts
     D:1: 870 daAuts
     D:3: 422 daAuts
